Map: Neon Violet Square LE

Players

Neeb - Winner!

  • Race: Protoss Protoss
  • Spawn Location: 5:00

HalfBreed

  • Race: Zerg Zerg
  • Spawn Location: 11:00

VOD

Have the link to the VOD?

Description

Time

  • Played on: Feb. 2, 2018, 2:48 p.m.
  • Length: 10:00
Show
View Real Time Build Order
Export as new Build Order

Neeb Protoss - Winner!

Build Orders: 1 Gate Expand, Oracle Opening, Archon Immortal, Zealot Archon 

Get SALT Encoding   

  12  0:00  Probe  
  13  0:12  Probe  
  14  0:22  Pylon  
  14  0:25  Probe  
  15  0:37  Assimilator  
  15  0:40  Probe (Chrono Boost)  
  16  0:47  Gateway  
  16  0:52  Probe (Chrono Boost)  
  17  0:57  Probe (Chrono Boost)  
  18  1:07  Probe  
  19  1:19  Probe  
  20  1:28  Nexus  
  20  1:37  Cybernetics Core  
  20  1:38  Probe  
  21  1:45  Assimilator  
  21  1:51  Probe  
  22  1:55  Pylon  
  22  2:03  Probe  
  23  2:12  Adept (Chrono Boost)  
  23  2:15  Probe  
  26  2:24  Stargate  
  26  2:27  Adept (Chrono Boost), Probe  
  27  2:36  Warp Gate  
  29  2:41  Probe (Chrono Boost)  
  29  2:43  Probe (Chrono Boost)  
  31  2:49  Adept  
  32  2:51  Probe (Chrono Boost)  
  32  2:54  Probe (Chrono Boost)  
  32  2:56  Probe (Chrono Boost)  
  36  3:03  Probe  
  37  3:06  Oracle (Chrono Boost)  
  37  3:08  Probe  
  41  3:15  Probe  
  41  3:18  Pylon  
  42  3:20  Probe  
  43  3:27  Probe  
  43  3:32  Probe  
  45  3:38  Oracle (Chrono Boost)  
  48  3:44  Probe  
  48  3:48  Probe  
  48  3:50  Gateway  
  48  3:51  Gateway  
  48  3:52  Assimilator  
  46  3:56  Probe  
  46  3:58  Assimilator  
  46  3:59  Pylon  
  46  4:00  Probe  
  48  4:08  Probe  
  49  4:10  Phoenix (Chrono Boost)  
  49  4:12  Probe  
  52  4:17  Pylon  
  52  4:20  Probe  
  52  4:22  Robotics Facility  
  53  4:24  Probe  
  54  4:33  Nexus  
  54  4:36  Probe x2  
  56  4:42  Pylon  
  56  4:48  Probe  
  56  4:49  Probe, Twilight Council  
  58  4:55  Zealot x2  
  62  5:00  Probe  
  62  5:02  Probe  
  62  5:04  Pylon  
  64  5:11  Immortal (Chrono Boost)  
  64  5:12  Probe  
  69  5:14  Probe  
  70  5:22  Forge  
  70  5:24  Probe  
  71  5:30  Probe  
  71  5:32  Charge  
  71  5:34  Pylon  
  72  5:36  Probe  
  72  5:42  Probe  
  74  5:43  Immortal (Chrono Boost)  
  74  5:45  Probe  
  74  5:48  Probe  
  80  5:51  Assimilator  
  80  5:52  Assimilator  
  80  5:54  Probe, Protoss Ground Weapons Level 1 (Chrono Boost)  
  82  5:57  Pylon  
  82  6:00  Probe, Templar Archives  
  82  6:01  Probe  
  83  6:06  Probe  
  83  6:11  Immortal (Chrono Boost)  
  84  6:12  Probe  
  84  6:13  Probe  
  90  6:18  Probe  
  90  6:19  Pylon  
  90  6:24  Probe  
  90  6:25  Probe  
  93  6:28  Psionic Storm  
  93  6:30  Probe  
  94  6:35  Gateway x2  
  94  6:36  Probe  
  94  6:38  High Templar x3  
  94  6:39  Gateway  
  101  6:43  Observer  
  102  6:50  Gateway  
  102  6:53  Gateway  
  102  6:55  Gateway  
  102  6:57  Shield Battery  
  102  7:00  Pylon  
  102  7:02  Warp Prism (Chrono Boost)  
  104  7:10  Robotics Facility, High Templar x3  
  110  7:16  Probe x3, Photon Cannon  
  113  7:25  Protoss Ground Weapons Level 2 (Chrono Boost)  
  113  7:28  Probe x2, Nexus  
  115  7:30  Pylon  
  115  7:31  Immortal (Chrono Boost)  
  119  7:41  Pylon  
  119  7:49  High Templar x2  
  123  7:54  Pylon, Archon  
  127  8:01  Immortal (Chrono Boost)  
  127  8:02  Pylon, Zealot x4  
  127  8:03  Zealot  
  138  8:06  Immortal (Chrono Boost)  
  141  8:13  Pylon  
  141  8:14  Zealot x2  
  145  8:20  Probe  
  145  8:21  Probe  
  145  8:25  Probe  
  145  8:26  Zealot  
  150  8:29  High Templar x2  
  154  8:36  Zealot, Assimilator  
  154  8:39  Assimilator  
  160  8:42  Photon Cannon  
  160  8:43  Immortal (Chrono Boost)  
  160  8:45  Zealot x3  
  166  8:54  Fleet Beacon  
  166  8:59  Archon  
  162  9:04  Zealot x5  
  162  9:05  Zealot x2  
  168  9:10  Immortal  
  168  9:16  Immortal  
  168  9:35  Archon x3  
  168  9:37  Zealot x9  
Show
View Real Time Build Order
Export as new Build Order

HalfBreed Zerg 

Build Orders: Hatch First 

Get SALT Encoding   

  12  0:00  Drone  
  13  0:13  Overlord  
  13  0:17  Drone  
  14  0:31  Drone x2  
  16  0:36  Drone  
  17  0:53  Hatchery  
  17  0:56  Drone  
  17  0:59  Drone  
  18  1:10  Extractor  
  17  1:14  Spawning Pool  
  16  1:18  Drone  
  16  1:21  Drone  
  18  1:29  Drone  
  19  1:40  Drone  
  20  1:51  Overlord  
  20  2:01  Queen  
  20  2:05  Queen  
  20  2:06  Zergling x4  
  26  2:10  Metabolic Boost  
  26  2:14  Drone  
  27  2:17  Drone  
  27  2:22  Drone  
  29  2:26  Drone  
  30  2:39  Hatchery  
  29  2:46  Overlord  
  29  2:51  Queen  
  29  2:55  Drone  
  29  2:56  Drone  
  29  2:58  Drone  
  33  3:03  Drone x2  
  35  3:08  Zergling x2  
  36  3:18  Drone  
  36  3:19  Drone x3  
  40  3:26  Spore Crawler  
  39  3:27  Zergling x2  
  39  3:28  Zergling x2  
  39  3:30  Queen  
  40  3:45  Drone  
  39  3:50  Drone x5  
  39  3:55  Drone x2  
  44  4:01  Drone, Evolution Chamber  
  44  4:07  Spore Crawler, Drone  
  44  4:08  Drone  
  42  4:13  Drone x2  
  42  4:14  Drone  
  45  4:20  Drone  
  45  4:21  Overlord  
  46  4:24  Spore Crawler  
  46  4:26  Drone  
  46  4:30  Zerg Melee Weapons Level 1  
  46  4:37  Drone x4  
  50  4:40  Baneling Nest  
  49  4:46  Overlord  
  49  4:48  Drone x2  
  49  4:50  Drone x2  
  53  4:53  Drone x2  
  53  4:56  Drone, Extractor  
  53  4:57  Drone  
  56  5:01  Overlord  
  56  5:05  Overlord  
  56  5:06  Drone  
  56  5:07  Drone  
  58  5:19  Queen x2  
  62  5:23  Drone  
  62  5:24  Overlord  
  62  5:25  Drone, Extractor  
  61  5:31  Zergling x8  
  61  5:32  Overlord  
  61  5:35  Lair  
  65  5:39  Overlord  
  63  5:50  Drone x10  
  73  5:57  Drone x2  
  73  6:00  Zergling x10  
  80  6:04  Drone  
  80  6:08  Baneling x4  
  81  6:14  Overlord, Extractor  
  81  6:16  Drone, Extractor  
  81  6:17  Drone  
  79  6:31  Hatchery  
  78  6:33  Drone x2  
  78  6:34  Drone  
  78  6:35  Drone x3  
  78  6:36  Centrifical Hooks  
  78  6:37  Zerg Melee Weapons Level 2  
  78  6:38  Hydralisk Den  
  83  6:44  Drone x3  
  83  6:46  Extractor  
  85  6:50  Drone  
  86  6:56  Drone x2  
  86  6:57  Drone  
  86  7:00  Overlord x3  
  86  7:01  Overlord  
  89  7:10  Infestation Pit  
  89  7:13  Drone  
  89  7:14  Evolution Chamber  
  88  7:22  Muscular Augments  
  88  7:23  Hydralisk  
  88  7:24  Hydralisk x5  
  100  7:30  Drone x4  
  100  7:34  Drone  
  105  7:42  Zerg Ground Armor Level 1  
  105  7:45  Drone x4, Overlord  
  105  7:46  Overlord, Hatchery  
  105  7:47  Hydralisk  
  110  7:52  Overseer  
  110  7:54  Hive  
  110  7:55  Overlord  
  110  8:01  Hydralisk  
  110  8:02  Hydralisk x2  
  116  8:06  Zergling x10  
  116  8:11  Extractor  
  116  8:12  Extractor  
  119  8:17  Drone x2  
  119  8:18  Drone  
  122  8:22  Hydralisk x6  
  122  8:26  Drone  
  122  8:27  Drone x3  
  137  8:34  Spire, Grooved Spines  
  136  8:37  Overlord x2  
  136  8:38  Pneumatized Carapace  
  136  8:40  Hydralisk  
  138  8:41  Zergling x2  
  138  8:42  Zergling x6  
  140  9:00  Baneling  
  140  9:01  Baneling  
  140  9:02  Zergling x36  
  153  9:06  Queen  
  151  9:11  Zergling x8  
  151  9:12  Baneling x2  
  151  9:16  Hydralisk x3  
  159  9:18  Zergling x2  
  159  9:20  Hydralisk  
  159  9:21  Zergling x2  
Tags
 
Add a new tag
Caveats
  • Supply blocks, unpowered buildings, or Contaminate may cause inaccurate times.
  • Supply counts are checked every 10 seconds.